 Dungeon Crawl Stone Soup version 0.30-a0-1155-gf8af5b4991 (webtiles) character file.

Game seed: 17950051408741084453

108586 fluxer the Peltast (level 16, -6/136 HPs)
             Began as a Minotaur Fighter on Apr 24, 2023.
             Was a High Priest of Okawaru.
             Mangled by a large abomination (19 damage)
             ... on level 2 of the Abyss.
             The game lasted 03:56:41 (30608 turns).

fluxer the Peltast (Minotaur Fighter)              Turns: 30608, Time: 03:56:41

Health: -6/136     AC: 17    Str: 35    XL:     16   Next: 2%
Magic:  21/21      EV: 10    Int:  5    God:    Okawaru [*****.]
Gold:   726        SH: 12    Dex:  6    Spells: 15/15 levels left

rFire   + . .        I - +8 broad axe of Seguniuts {venom, rPois}
rCold   + . .        c - +0 buckler
rNeg    . . .        P - quicksilver dragon scales
rPois   +            (helmet restricted)
rElec   .            b - scarf {rC+ rF+}
rCorr   .            L - +2 pair of gloves
SInv    .            s - +1 pair of boots "Unukulawk" {rF++}
Will    ++...        r - amulet of reflection Stlth
                     a - ring of flight
HPRegen 0.00/turn    T - +6 ring of strength
MPRegen 0.17/turn

%: random rage (3%), reflection
@: about to teleport, on berserk cooldown, sick, flying, slowed, unable to read,
unable to drink, very slow
A: horns 2, retaliatory headbutt, deterioration 1, [berserk 1], [clumsy 2],
[deformed body], [frail 1], [screaming 1], ([teleportitis 2]), [heat
vulnerability 2], [inability to drink after injury 2], [inability to read after
injury 1]
a: Renounce Religion, Heroism, Finesse, Duel


You were on level 2 of the Abyss.
You worshipped Okawaru.
Okawaru was extremely pleased with you.
You visited 4 branches of the dungeon, and saw 23 of its levels.
You visited the Abyss 1 time.
You also visited: Sewer.

You collected 2276 gold pieces.
You spent 1550 gold pieces at shops.

Inventory:

Hand Weapons
 p - a +6 scimitar of flaming
 I - the +8 broad axe of Seguniuts (weapon) {venom, rPois}
   (Okawaru gifted it to you on level 9 of the Dungeon)

   rPois:     It protects you from poison.
 X - a +2 dire flail of holy wrath
Missiles
 e - 10 boomerangs (quivered)
 v - 19 poisoned darts
 x - 8 throwing nets
 y - 2 silver javelins
 z - 16 javelins
 F - 4 curare-tipped darts
Armour
 b - a scarf of resistance (worn)
 c - a +0 buckler (worn)
 o - the +2 chain mail of Okawaru's Esteem {Str+4 SInv}
   (Okawaru gifted it to you on level 13 of the Dungeon)

   Str:       It affects your strength (+4).
   SInv:      It lets you see invisible.
 s - the +1 pair of boots "Unukulawk" (worn) {rF++}
   (Okawaru gifted it to you on level 3 of the Lair of Beasts)

   rF:        It greatly protects you from fire.
 C - a +3 chain mail of cold resistance
 D - a +2 chain mail of fire resistance
 E - a +2 robe of cold resistance
 L - a +2 pair of gloves (worn)
 M - a +4 chain mail of poison resistance
 P - quicksilver dragon scales (worn)
Jewellery
 a - a ring of flight (left hand)
 r - an amulet of reflection (around neck)
 O - a ring of poison resistance
 T - a +6 ring of strength (right hand)
 Y - a ring of protection from cold
Wands
 h - a wand of polymorph (5)
 l - a wand of paralysis (17)
 H - a wand of roots (7)
 Q - a wand of flame (10)
 W - a wand of mindburst (17)
Scrolls
 f - 2 scrolls of acquirement {unknown}
 j - 8 scrolls of teleportation
 k - 2 scrolls of enchant weapon
 q - 2 scrolls of fear
 t - 3 scrolls of blinking
 u - a scroll of butterflies {unknown}
 A - 3 scrolls of silence
 B - 2 scrolls of brand weapon
 J - a scroll of identify
 K - 6 scrolls of fog
 N - a scroll of magic mapping {unknown}
 R - 2 scrolls of amnesia {unknown}
 S - 2 scrolls of vulnerability {unknown}
 Z - a scroll of torment {unknown}
Potions
 d - 3 potions of might
 i - 6 potions of curing
 m - 5 potions of resistance
 n - a potion of haste
 G - 4 potions of invisibility
 U - a potion of mutation
 V - a potion of flight


   Skills:
 + Level 16.7 Fighting
 + Level 16.6 Axes
 + Level 5.8 Throwing
 + Level 16.8 Armour
 + Level 16.8 Shields
 - Level 8.0 Invocations


You had 15 spell levels left.
You didn't know any spells.
Your spell library contained the following spells:

 Spells                   Type           Power      Damage    Failure   Level
 Beastly Appendage        Tmut           0%         N/A       56%         1
 Magic Dart               Conj           0%         1d3       56%         1
 Sting                    Tmut/Pois      0%         1d3       56%         1
 Cigotuvi's Dreadful Rot  Necr/Pois/Air  0%         N/A       71%         2
 Ensorcelled Hibernation  Hex/Ice        0%         N/A       71%         2
 Passwall                 Tmut/Erth      0%         N/A       71%         2
 Poisonous Vapours        Pois/Air       0%         N/A       71%         2
 Static Discharge         Conj/Air       0%         2-2/arc   71%         2
 Wereblood                Tmut           0%         N/A       71%         2
 Dazzling Flash           Conj/Hex       0%         N/A       90%         3
 Hailstorm                Conj/Ice       0%         3d3       90%         3
 Inner Flame              Hex/Fire       0%         N/A       90%         3
 Mephitic Cloud           Conj/Pois/Air  0%         N/A       90%         3
 Spider Form              Tmut/Pois      0%         N/A       90%         3
 Swiftness                Air            0%         N/A       90%         3
 Airstrike                Air            0%         2d(0-16)  100%        4
 Dispel Undead            Necr           0%         3d6       100%        4
 Flame Wave               Conj/Fire      0%         2d4       100%        4
 Ice Form                 Ice/Tmut       0%         N/A       100%        4
 Olgreb's Toxic Radiance  Pois           0%         N/A       100%        4
 Passage of Golubria      Tloc           0%         N/A       100%        4
 Petrify                  Tmut/Erth      0%         N/A       100%        4
 Sticky Flame             Conj/Fire      0%         2d3       100%        4
 Borgnjor's Vile Clutch   Necr/Erth      0%         N/A       100%        5
 Irradiate                Conj/Tmut      0%         3d11      100%        5
 Metabolic Englaciation   Hex/Ice        0%         N/A       100%        5
 Yara's Violent Unravell  Hex/Tmut       0%         3d3       100%        5
 Starburst                Conj/Fire      0%         6d3       100%        6
 Statue Form              Tmut/Erth      0%         N/A       100%        6
 Summon Small Mammal      Summ           Unusable   N/A       N/A         1
 Call Imp                 Summ           Unusable   N/A       N/A         2
 Call Canine Familiar     Summ           Unusable   N/A       N/A         3
 Summon Guardian Golem    Hex/Summ       Unusable   N/A       N/A         3
 Tukima's Dance           Hex            Unusable   N/A       N/A         3
 Animate Dead             Necr           Unusable   N/A       N/A         4
 Summon Lightning Spire   Summ/Air       Unusable   N/A       N/A         4
 Death Channel            Necr           Unusable   N/A       N/A         6
 Simulacrum               Ice/Necr       Unusable   N/A       N/A         6

Dungeon Overview and Level Annotations

Branches:
Dungeon (15/15)            Temple (1/1) D:4            Lair (5/5) D:8
  Swamp (0/4) Lair:3        Snake (0/4) Lair:2        Slime (0/5) Lair:4
    Orc (2/2) D:10            Elf (0/3) Orc:2        Vaults (0/5) D:13
  Sewer (visited)
 Depths: D:15

Altars:
Ashenzari
Elyvilon
Fedhas
Gozag
Hepliaklqana
Kikubaaqudgha
Makhleb
Nemelex Xobeh
Okawaru
Qazlal
Ru
Uskayaw
Vehumet
Wu Jian
Yredelemnul
Zin
The Shining One
Lugonu

Shops:
D:3 (   D:5 :   D:9 ?   D:10 *   Orc:2 =?([

Portals:
Abyss: Lair:5

Annotations:
D:7 4 runed translucent doors
D:11 2 transporters, topfpfpflanze's ghost, novice FeIE
Orc:1 exclusion: oklob plant


Innate Abilities, Weirdness & Mutations

You have a pair of horns on your head.
You reflexively headbutt those who attack you in melee.
Your body sometimes deteriorates upon taking damage.
[You sometimes lose your temper in combat.]
[You are very clumsy. (Dex -4)]
[Armour fits poorly on your strangely shaped body.]
[You are frail. (-10% HP)]
[You occasionally shout uncontrollably at your foes.]
[((You are often teleported next to monsters.))]
[You are very vulnerable to heat. (rF--)]
[You sometimes lose the ability to drink potions when taking damage.]
[You occasionally lose the ability to read scrolls when taking damage.]


Message History

Your finesse ends abruptly.
You feel yourself moving faster!
You feel mighty!
You open the will-o-the-wisp like a pillowcase!!!
You destroy the will-o-the-wisp!
Okawaru accepts your kill.
You slash the foxfire!
You feel the corruption within you wane somewhat.
You feel a little healthier.
You feel a little less angry.
Your urge to scream lessens.
You lose the ability to read scrolls when taking damage less often.
You feel robust. x2
You feel a strong urge to attack something.
A small abomination comes into view.
You feel your anger nearly subside.
You are no longer berserk.
You are exhausted.
You feel yourself slow down.
You yell at the ancient zyme!
An ancient zyme comes into view.
You feel yourself growing ill in the presence of the ancient zyme.
A small abomination comes into view. x2
As you read the scroll of teleportation, it crumbles to dust.
You feel strangely unstable.
You feel the power of the Abyss delaying your translocation!
The small abomination hits you!
You feel threatened and lose the ability to drink potions!
* * * LOW HITPOINT WARNING * * *
You block the small abomination's attack.
You feel yourself growing ill in the presence of the ancient zyme.
You block the small abomination's attack.
The small abomination attacks as you move away!
The small abomination hits you!
* * * LOW HITPOINT WARNING * * *
The small abomination completely misses you.
You furiously retaliate!
You headbutt the small abomination.
You feel ill.
The small abomination attacks as you move away!
You block the small abomination's attack.
The small abomination completely misses you.
The large abomination hits you!!
You feel threatened and lose the ability to read scrolls!
You die...

.##.#
##.#...
#..... #.#.#
##.#.##
###x....##
#..x#..##...
##..xXx#
#....@#.#
######..x#
##.§#..
.#..# ..


You could see an ancient zyme, a large abomination and 4 small abominations.

Vanquished Creatures
  Rupert (D:14)
  A quicksilver dragon (Abyss:2)
  An orc warlord (Orc:2)
  The ghost of laial the Blocker, a journeyman GnFi of Okawaru (Lair:5)
  A blizzard demon (Abyss:2)
  2 yaktaur captains (D:14)
  7 ogre magi
  An ice dragon (Lair:5)
  7 hydras
  Erica (D:8)
  2 catoblepae
  3 centaur warriors
  8 two-headed ogres
  3 boulder beetles
  A tengu warrior (D:13)
  15 death yaks
  An orc high priest (Orc:2)
  Urug (Lair:2)
  A deep troll earth mage (D:14)
  6 thrashing horrors
  A wretched star (Abyss:2)
  A fire crab (shapeshifter) (D:13)
  2 skysharks (Lair:4)
  2 bog bodies
  A spatial maelstrom (Abyss:2)
  A glowing orange brain (D:15)
  A glowing orange brain (shapeshifter) (D:14)
  A harpy (shapeshifter) (Lair:5)
  A deep elf zephyrmancer (D:14)
  Pikel (D:6)
  A deep elf pyromancer (D:12)
  A lindwurm (Lair:5)
  9 orc sorcerers
  A wolf spider (D:15)
  10 ugly things
  2 cyclopes
  3 manticores
  A will-o-the-wisp (Abyss:2)
  4 black mambas
  3 smoke demons
  Maurice (D:8)
  A demonic crawler (Abyss:2)
  A black mamba (shapeshifter) (Lair:5)
  12 elephants (Lair:4)
  9 cane toads
  5 unseen horrors
  Maggie (D:8)
  A kobold demonologist (D:9)
  An efreet (D:15)
  8 komodo dragons
  A tengu conjurer (D:13)
  5 ancient zymes
  7 trolls
  3 hellwings (Abyss:2)
  3 hornets
  4 polar bears (Lair:2)
  Prince Ribbit (D:7)
  A merfolk (shapeshifter) (Lair:5)
  A tarantella (shapeshifter) (D:12)
  25 blink frogs
  8 dream sheep
  A raiju (Abyss:2)
  13 small abominations
  A centaur simulacrum (D:15)
  45 yaks
  4 shadows
  3 wraiths
  3 spriggans (Lair:5)
  4 slime creatures (D:15)
  5 wyverns
  A human (shapeshifter) (D:13)
  Grum (D:8)
  2 vampire mosquitoes (D:10)
  7 basilisks
  2 chaos spawn (Lair:5)
  A swamp worm (shapeshifter) (D:15)
  2 wargs
  A spatial vortex (Abyss:2)
  A harpy simulacrum (D:15)
  2 acid dragons
  3 large abominations
  3 nagas (Lair:2)
  A sky beast (D:8)
  18 water moccasins
  16 orc warriors
  Pargi (Sewer)
  5 black bears
  An ice beast (D:4)
  6 boggarts
  16 ogres
  13 wolves
  A lemure (D:6)
  10 centaurs
  Blork the orc (D:6)
  2 kobold brigands
  12 bullfrogs
  3 gnoll sergeants (D:9)
  8 scorpions
  21 wights
  3 troll zombies (D:10)
  11 killer bees
  3 howler monkeys (D:9)
  3 jellies
  8 orc priests
  Crazy Yiuf (D:3)
  3 gnoll boudas (D:9)
  6 hounds
  2 sleepcaps
  A hell rat (Lair:2)
  An iguana (D:5)
  23 orc wizards
  5 ogre zombies (D:10)
  A boggart simulacrum (D:14)
  7 adders
  25 gnolls
  2 river rats (D:6)
  2 white imps (Lair:5)
  An ufetubus (D:6)
  A worm (D:2)
  4 dart slugs
  67 orcs
  9 endoplasms
  6 giant cockroaches
  5 goblins
  A hobgoblin (D:2)
  10 jackals
  3 quokkas
  7 ball pythons
  7 bats
  4 frilled lizards
  2 goblin skeletons (D:10)
  2 goblin zombies (D:10)
  2 hobgoblin zombies (D:10)
  20 kobolds
  3 orc skeletons (D:10)
  16 orc zombies (D:10)
  8 rats
  A butterfly (D:12)
736 creatures vanquished.

Vanquished Creatures (others)
  An orc wizard (Orc:2)
  A bush (Lair:4)
  2 foxfires (Abyss:2)
  64 fungi
  90 plants
158 creatures vanquished.

Grand Total: 894 creatures vanquished

Notes
Turn   | Place    | Note
-------+----------+-------------------------------------------
     0 | D:1      | fluxer the Minotaur Fighter began the quest for the Orb.
     0 | D:1      | Reached XP level 1. HP: 19/19 MP: 0/0
    55 | D:1      | You fall into a shaft and drop 1 floor!
   370 | D:1      | Reached XP level 2. HP: 27/27 MP: 1/1
   726 | D:1      | Reached XP level 3. HP: 33/33 MP: 2/2
   924 | D:2      | Identified the +4 long sword of Checks and Balances {heavy,
                  | rPois MP+9 Int+2}
  1511 | D:3      | Found Pijif's Antique Weapon Boutique.
  1661 | D:3      | Reached XP level 4. HP: 38/41 MP: 3/3
  2126 | D:3      | Found a glowing golden altar of the Shining One.
  2126 | D:3      | Found a radiant altar of Vehumet.
  2227 | D:3      | Found a runed translucent door.
  2228 | D:3      | Noticed Crazy Yiuf
  2235 | D:3      | Killed Crazy Yiuf
  2236 | D:3      | Reached XP level 5. HP: 39/47 MP: 1/4
  2427 | D:4      | Reached skill level 5 in Armour
  2589 | D:4      | Found a staircase to the Ecumenical Temple.
  2599 | Temple   | Entered the Ecumenical Temple
  2607 | Temple   | Became a worshipper of Warmaster Okawaru
  2651 | D:4      | Reached skill level 5 in Shields
  2654 | D:4      | Reached skill level 5 in Fighting
  2994 | D:4      | Reached XP level 6. HP: 50/56 MP: 5/5
  3426 | D:5      | Entered Level 5 of the Dungeon
  3553 | D:5      | Reached * piety under Okawaru
  3566 | D:6      | Reached skill level 5 in Axes
  3566 | D:6      | Reached XP level 7. HP: 27/62 MP: 6/6
  4047 | D:6      | Found a glowing drain.
  4056 | D:6      | Reached ** piety under Okawaru
  4109 | Sewer    | Entered a sewer
  4271 | Sewer    | Noticed Pargi
  4283 | Sewer    | Killed Pargi
  4431 | D:6      | Identified the +2 ring mail of Infinity {*Slow rN++ Int+3
                  | Slay+3}
  4729 | D:5      | Reached XP level 8. HP: 66/71 MP: 7/7
  4954 | D:5      | Found Ahinnoiff's Book Emporium.
  5302 | D:5      | Reached *** piety under Okawaru
  7167 | D:6      | Noticed Pikel
  7189 | D:6      | Killed Pikel
  7189 | D:6      | Reached **** piety under Okawaru
  7190 | D:6      | Reached XP level 9. HP: 39/81 MP: 8/8
  7390 | D:6      | Noticed Blork the orc
  7399 | D:6      | Killed Blork the orc
  8439 | D:7      | Found a huge runed translucent gate.
  8439 | D:7      | Noticed a polar bear
  8440 | D:7      | Found a huge runed translucent gate.
  8440 | D:7      | Found a huge runed translucent gate.
  8440 | D:7      | Found a huge runed translucent gate.
  8440 | D:7      | Noticed a death yak
  8440 | D:7      | Noticed a polar bear
  8441 | D:7      | Noticed a polar bear
  8441 | D:7      | Noticed a polar bear
  8938 | D:7      | Noticed Prince Ribbit
  8957 | D:7      | Killed Prince Ribbit
  9511 | D:7      | Reached ***** piety under Okawaru
 10475 | D:8      | Found a hazy altar of Hepliaklqana.
 10488 | D:8      | Reached XP level 10. HP: 83/89 MP: 9/9
 10755 | D:8      | Found a staircase to the Lair.
 10765 | D:8      | Noticed Grum
 10766 | D:8      | Noticed Maurice
 10783 | D:9      | Received a gift from Okawaru
 10861 | D:8      | Paralysed by Maurice for 3 turns
 10864 | D:8      | Killed Maurice
 10864 | D:8      | Killed Grum
 10865 | D:8      | Reached skill level 10 in Fighting
 10865 | D:8      | Reached skill level 10 in Armour
 10865 | D:8      | Reached skill level 10 in Shields
 10921 | D:8      | Identified the +8 mace of Paper {elec, Will+ Dex+3}
 11249 | D:8      | Noticed Maggie
 11260 | D:8      | Killed Maggie
 11261 | D:8      | Reached skill level 10 in Axes
 11293 | D:8      | Noticed Erica
 11315 | D:8      | Killed Erica
 11738 | D:10     | Entered Level 10 of the Dungeon
 11759 | D:9      | Found a faded altar of an unknown god.
 11759 | D:9      | Found an opulent altar of Gozag.
 11767 | D:9      | Found a sacrificial altar of Ru.
 11769 | D:9      | Found a faded altar of an unknown god.
 11771 | D:9      | Found a blossoming altar of Fedhas.
 11830 | D:9      | Identified the +8 broad axe of Seguniuts {venom, rPois}
                  | (Okawaru gifted it to you on level 9 of the Dungeon)
 11830 | D:9      | Received a gift from Okawaru
 11858 | D:9      | Noticed a two-headed ogre
 11865 | D:9      | Killed a two-headed ogre
 11866 | D:9      | Reached XP level 11. HP: 85/101 MP: 10/10
 12390 | D:9      | Noticed a two-headed ogre
 12400 | D:9      | Killed a two-headed ogre
 12539 | D:10     | Reached ****** piety under Okawaru
 12660 | D:9      | Found Lahei's Magic Scroll Shop.
 12665 | D:9      | Bought a scroll of identify for 24 gold pieces
 12665 | D:9      | Bought a scroll of identify for 24 gold pieces
 12683 | D:9      | Bought a scroll of enchant armour for 90 gold pieces
 12683 | D:9      | Bought a scroll of teleportation for 36 gold pieces
 12683 | D:9      | Bought a scroll of blinking for 90 gold pieces
 12683 | D:9      | Bought a scroll of teleportation for 36 gold pieces
 13204 | D:10     | Noticed a two-headed ogre
 13232 | D:10     | Killed a two-headed ogre
 13232 | D:10     | Received a gift from Okawaru
 13571 | D:11     | Identified the +1 chain mail of Okawaru's Inspiration
                  | {Int+2} (Okawaru gifted it to you on level 11 of the
                  | Dungeon)
 13571 | D:11     | Received a gift from Okawaru
 13601 | D:10     | Found a staircase to the Orcish Mines.
 13606 | D:10     | Got the Papyrus of Fulmination
 14032 | D:10     | Found Juhajy's Assorted Antiques.
 14039 | D:10     | Bought a glass ring for 150 gold pieces
 14263 | D:10     | Noticed a two-headed ogre
 14268 | D:10     | Killed a two-headed ogre
 14742 | D:12     | Noticed a deep elf pyromancer
 14748 | D:12     | Killed a deep elf pyromancer
 14749 | D:12     | Reached XP level 12. HP: 113/113 MP: 8/11
 14818 | D:11     | Found a transporter.
 14818 | D:11     | Found a transporter.
 14818 | D:11     | Noticed topfpfpflanze's ghost (novice FeIE)
 14872 | D:11     | Noticed a two-headed ogre
 14878 | D:11     | Killed a two-headed ogre
 15256 | D:12     | Found a white marble altar of Elyvilon.
 15264 | D:12     | Noticed a boulder beetle
 15361 | D:12     | Noticed an eight-headed hydra
 15374 | D:12     | Killed a three-headed hydra
 15534 | D:12     | Killed a boulder beetle
 15535 | D:12     | Reached skill level 1 in Invocations
 16164 | D:13     | Noticed a two-headed ogre
 16172 | D:13     | Noticed a centaur warrior
 16355 | D:13     | Killed a centaur warrior
 16362 | D:13     | Killed a two-headed ogre
 16362 | D:13     | Identified the +2 chain mail of Okawaru's Esteem {Str+4
                  | SInv} (Okawaru gifted it to you on level 13 of the Dungeon)
 16362 | D:13     | Received a gift from Okawaru
 16368 | D:13     | Found a gate to the Vaults.
 16435 | D:13     | Found a radiant altar of Vehumet.
 16665 | D:13     | Noticed a two-headed ogre
 16675 | D:13     | Killed a two-headed ogre
 16733 | D:13     | Noticed a boulder beetle
 16737 | D:13     | Noticed a centaur warrior
 16738 | D:13     | Noticed an eight-headed hydra
 16887 | Lair:1   | Entered Level 1 of the Lair of Beasts
 17414 | Lair:1   | Reached XP level 13. HP: 104/122 MP: 15/15
 17579 | Lair:2   | Noticed Urug
 17579 | Lair:2   | Paralysed by Urug for 5 turns
 18093 | Lair:2   | Killed Urug
 18519 | Lair:2   | Reached skill level 1 in Throwing
 18559 | Lair:2   | Reached skill level 5 in Invocations
 18859 | Lair:2   | Received a gift from Okawaru
 18975 | Lair:2   | Found a staircase to the Snake Pit.
 19706 | Lair:3   | Received a gift from Okawaru
 20044 | Lair:3   | Found a staircase to the Swamp.
 20440 | Lair:3   | Identified the +1 pair of boots "Unukulawk" {rF++} (Okawaru
                  | gifted it to you on level 3 of the Lair of Beasts)
 20440 | Lair:3   | Received a gift from Okawaru
 21322 | Lair:4   | Reached XP level 14. HP: 124/133 MP: 16/16
 21554 | Lair:4   | Found a staircase to the Slime Pits.
 22019 | Lair:5   | Entered Level 5 of the Lair of Beasts
 22041 | Lair:5   | Received a gift from Okawaru
 22041 | Lair:5   | Found the +3 Mad Mage's Maulers {Infuse+∞ VampMP -Cast}
 22141 | Lair:5   | Reached skill level 5 in Throwing
 22218 | Lair:5   | Found a glowing silver altar of Zin.
 22238 | Lair:5   | Reached skill level 15 in Fighting
 22238 | Lair:5   | Reached skill level 15 in Shields
 22289 | Lair:5   | Reached skill level 15 in Armour
 22666 | Lair:5   | Reached skill level 15 in Axes
 23347 | Lair:5   | Found a runed translucent door.
 23352 | Lair:5   | Identified the +5 spear "Tech" {heavy, rElec rF- rC+}
 24089 | Lair:5   | Identified the +2 robe "Dohuoxul" {rF+ MP+9 Int+3} (Okawaru
                  | gifted it to you on level 5 of the Lair of Beasts)
 24089 | Lair:5   | Received a gift from Okawaru
 24396 | Lair:5   | Found a corrupted altar of Lugonu.
 24397 | Lair:5   | Found a one-way gate to the infinite horrors of the Abyss.
 24688 | Lair:5   | Noticed laial's ghost (journeyman GnFi)
 24799 | Lair:5   | Killed laial's ghost
 24800 | Lair:5   | Reached XP level 15. HP: 77/143 MP: 13/19
 25173 | Orc:1    | Entered Level 1 of the Orcish Mines
 25187 | Orc:2    | Entered Level 2 of the Orcish Mines
 25466 | Orc:2    | Found Hanaasch's Jewellery Shoppe.
 25660 | Orc:2    | Bought a ring of flight for 280 gold pieces
 25686 | Orc:2    | Found an ancient bone altar of Kikubaaqudgha.
 25717 | Orc:2    | Found Heirunn's Magic Scroll Shoppe.
 25729 | Orc:2    | Found a radiant altar of Vehumet.
 25808 | Orc:2    | Bought a scroll of enchant weapon for 127 gold pieces
 25808 | Orc:2    | Bought a scroll of teleportation for 51 gold pieces
 25834 | Orc:2    | Found Xyisayb's Antique Weapon Emporium.
 25878 | Orc:2    | Found Epuru's Antique Armour Emporium.
 25900 | Orc:2    | Bought a glowing chain mail for 232 gold pieces
 26264 | Orc:2    | Found a staircase to the Elven Halls.
 27258 | Orc:2    | Bought a scroll of fog for 68 gold pieces
 27442 | D:10     | Bought a scroll of enchant weapon for 225 gold pieces
 27442 | D:10     | Bought a scroll labelled WABASEY JONWUCUSK for 30 gold
                  | pieces
 27442 | D:10     | Bought a scroll of identify for 60 gold pieces
 27442 | D:10     | Bought a viscous amethyst potion for 27 gold pieces
 28477 | D:14     | Received a gift from Okawaru
 28544 | D:14     | Noticed Rupert
 28577 | D:14     | Killed Rupert
 28585 | D:14     | Received a gift from Okawaru
 28607 | D:14     | HP: 6/144 [yaktaur captain/bolt (39)]
 29324 | D:15     | Entered Level 15 of the Dungeon
 29469 | D:15     | Received a gift from Okawaru
 29944 | D:15     | Received a gift from Okawaru
 30222 | Abyss:2  | Cast into level 2 of the Abyss (a wizard)
 30305 | Abyss:2  | Received a gift from Okawaru
 30309 | Abyss:2  | Noticed a quicksilver dragon
 30318 | Abyss:2  | Killed a quicksilver dragon
 30430 | Abyss:2  | Gained mutation: Your body sometimes deteriorates upon
                  | taking damage. [a neqoxec]
 30578 | Abyss:2  | Reached XP level 16. HP: 19/106 MP: 18/21
 30581 | Abyss:2  | Received a gift from Okawaru
 30608 | Abyss:2  | Mangled by a large abomination

Illustrated notes

Levels and vault maps discovered:
D:1:      lightli_iron_boxes, layout_loops_corners
D:2:      layout_rooms
D:3:      layout_loops_ring, nicolae_overflow_two_pavilions, serial_shops, shop,
          hangedman_decor_growths, minmay_joined_circles,
          uniq_crazy_yiuf_cottage
D:4:      layout_gridville, minmay_temple_entry_sparse_star
D:5:      layout_basic, nicolae_stop_n_shop_1, kennysheep_opposing_triangles
D:6:      layout_basic, portal_sewer_entry_c, dreamdust_princess_corridor,
          centaur_isle, uniq_pikel, uniq_blork_the_orc
D:7:      lemuel_bear_cage, layout_layer_cave, kennysheep_generic_room_7,
          uniq_prince_ribbit1
D:8:      layout_rooms, nicolae_overflow_hidden_temple,
          due_lair_maze_entry_diamond, uniq_maggie, uniq_erica, uniq_maurice,
          uniq_grum
D:9:      layout_big_octagon, chequers_temple_overflow_minitemple,
          serial_gnoll_camp, gnoll_camp_mini_house, gnoll_camp_huts_basic,
          gnoll_camp_mini_shop, gnoll_camp_medium_01
D:10:     layout_layer_cave, zombieorc2_lemuel, serial_shops,
          nicolae_shop_behind_doors, special_room [special_room_orc],
          enter_bailey_8
D:11:     layout_basic, gammafunk_ghost_hive
D:12:     layout_roguey, nicolae_elyvilon_peaceful_grove
D:13:     layout_gridville, david_vaults_2, fiery_altar_vehumet
D:14:     minmay_octo_star, layout_loops_corners, uniq_rupert
D:15:     gammafunk_enter_depths_forms, layout_cave_pods,
          portal_ice_cave_entry_ice_simulacra, serial_park_square1
          [serial_park_minivault_5x5_8], grunt_decor_cap, uniq_jorgrun
Temple:   compressed_dpeg_triangle_lava_temple
Lair:1:   layout_regular_city, patterned_corridor
Lair:2:   nzn_winding_woodlands_three_and_one
          [nzn_winding_woodlands_5x15_pockets, nzn_winding_woodlands_5x15_twine,
          nzn_winding_woodlands_5x15_default,
          nzn_winding_woodlands_center_triple_pond], layout_hall_layers,
          nicolae_snake_entry_squirm, cheibrodos_lair_lostbears, uniq_urug
Lair:3:   layout_cave_pods, skrybe_swamp_entry_bodies, lemuel_fruit_fields,
          lemuel_fruit_fields
Lair:4:   layout_cellular_growth, dpeg_slime_entry_enclosed, grunt_megastairs_2
Lair:5:   hellmonk_lair_end_abyssal_woods, layout_small_grid, basic_altar,
          ebering_ghost_funeral_grove, small_statue_intersection,
          chequers_serial_rivers_room_a, minivault_24, bobbens_ice_dragon_lair
Orc:1:    layout_caves, nicolae_orc_stony_grotto, nicolae_orc_rockfall,
          mines3_lemuel
Orc:2:    kennysheep_orc_mage_school, layout_diamond_mine
Abyss:2:  base: Lair:5, hangedman_abyss_or_decor_lesser_grid,
          bh_abyss_exit_spiral, minivault_25_ag, hangedman_abyss_monster_moat

Skill      XL: |  1  2  3  4  5  6  7  8  9 10 11 12 13 14 15 |
---------------+----------------------------------------------+-----
Fighting       | 4 5 6 8 9 10 12 13 14 15 16 | 16.7
Armour         | 4 5 6 8 9 10 12 13 14 15 16 | 16.8
Shields        | 4 5 6 8 9 10 12 13 14 15 16 | 16.8
Axes           | 3 4 5 6 7 9 10 12 13 14 15 16 | 16.6
Invocations    | 4 5 6 8 |  8.0
Throwing       | 4 5 |  5.8

Action                     |  1- 3 |  4- 6 |  7- 9 | 10-12 | 13-15 | 16-18 || total
---------------------------+-------+-------+-------+-------+-------+-------++-------
  Melee: War axe           |    92 |   113 |   260 |   129 |       |       ||   594
         Headbutt          |     9 |    19 |    46 |    90 |   198 |       ||   362
         Broad axe         |       |       |       |   342 |   838 |     9 ||  1189
         Scimitar          |       |       |       |     7 |    36 |       ||    43
         Lance             |       |       |       |       |     5 |       ||     5
  Throw: Boomerang         |       |       |    64 |    37 |   157 |       ||   258
         Dart              |       |       |     9 |       |       |       ||     9
 Invoke: Heroism           |       |       |       |     4 |     5 |       ||     9
         Finesse           |       |       |       |     1 |     9 |       ||    10
  Evoke: Wand              |       |       |     4 |       |     4 |       ||     8
    Use: Potion            |       |       |     1 |     2 |    16 |     1 ||    20
         Scroll            |       |       |       |    22 |    12 |     1 ||    35
 Armour: Scale mail        |     3 |       |       |       |       |       ||     3
         Chain mail        |    50 |    62 |   208 |   284 |   483 |       ||  1087
         Plate armour      |       |       |       |     6 |       |       ||     6
         Quicksilver drago |       |       |       |       |    23 |     3 ||    26
  Dodge: Dodged            |    34 |    46 |   180 |   222 |   277 |     4 ||   763
  Block: Buckler           |    25 |    23 |   118 |   184 |   521 |     5 ||   876
         Reflection        |       |       |       |       |    12 |     1 ||    13

Table legend: (Time is in decaauts)
 A = Elapsed time spent in this place.
 B = Non-inter-level travel time spent in this place.
 C = Inter-level travel time spent in this place.
 D = Time resting spent in this place.
 E = Time spent auto-exploring this place.
 F = Levels seen in this place.
 G = Mean time per level.
                   A        B        C        D        E       F      G
               +--------+--------+--------+--------+--------+-----+--------+
         Total |  30646 |  29310 |   1336 |   5869 |  15103 |  25 | 1225.8 |
       Dungeon |  19662 |  18714 |    948 |   3507 |   9911 |  15 | 1310.8 |
        Temple |     16 |      9 |      7 |      0 |      0 |   1 |   16.0 |
          Lair |   8138 |   7936 |    202 |   1925 |   3826 |   5 | 1627.6 |
  Orcish Mines |   2205 |   2028 |    177 |    384 |   1158 |   2 | 1102.5 |
         Abyss |    340 |    340 |      0 |      0 |     72 |   1 |  340.0 |
         Sewer |    283 |    283 |      0 |     53 |    135 |   1 |  283.0 |
               +--------+--------+--------+--------+--------+-----+--------+

Top non-repeatable levels by time:
     D:6: 3794 daAuts
  Lair:5: 2593 daAuts
     D:7: 1857 daAuts
    D:10: 1811 daAuts
  Lair:4: 1744 daAuts
     D:9: 1521 daAuts
   Orc:2: 1470 daAuts
  Lair:2: 1411 daAuts
     D:8: 1346 daAuts
  Lair:1: 1284 daAuts
     D:5: 1245 daAuts
    D:12: 1150 daAuts
     D:3: 1125 daAuts
  Lair:3: 1104 daAuts
    D:14: 1104 daAuts
